 Dungeon Crawl Stone Soup version 0.31.0-11-ge490571c62 (webtiles) character file.

Game seed: 6308229909066196285

665405 Flugkiller the Worldbinder (level 27, 21/184 HPs)
             Began as a Vine Stalker Ice Elementalist on Feb 1, 2024.
             Was a Priest of Sif Muna.
             Quit the game on level 20 of a ziggurat on Feb 2, 2024.
             The game lasted 05:50:21 (21523 turns).

Flugkiller the Worldbinder (VSIE)                  Turns: 21523, Time: 05:50:22

Health: 21/184     AC: 34    Str: 17    XL:     27
Magic:  6/48       EV:  2    Int: 31    God:    Sif Muna [***...]
Gold:   2706       SH:  9    Dex: 22    Spells: 4/66 levels left

rFire   + . .        k - staff of Amorality {rElec rC+ rCorr Air}
rCold   + . .        L - +3 buckler {rF+}
rNeg    + . .        R - melded +3 troll leather armour {Snorg}
rPois   +            a - melded +2 helmet {Int+3}
rElec   +            l - melded +2 cloak {rPois}
rCorr   +            g - melded +1 pair of gloves of Gasch {Str+3}
SInv    .            P - melded +2 pair of boots
Will    +++..        v - amulet of the acrobat
Stlth   ++           s - ring of Resumed Hostilities {Wiz rN+ Str+4 Stlth-}
HPRegen 1.30/turn    I - ring of Qasmisk {rCorr Int+6 Dex+5}
MPRegen 0.31/turn

%: acrobat, guardian spirit, wizardry (x1)
@: mildly poisoned (21 -> 16), tree-form (expiring), death channelling, calling
dragons, channelling, hasted and slowed, studying 5 skills
A: stationary, stasis, torment immunity, boosted hp, (fangs 3), regeneration 1,
magic shield, (antimagic bite), no potion heal 2, frail 1
}: 4/15 runes: serpentine, barnacled, slimy, silver
a: Renounce Religion, Channel Magic, Forget Spell


You were on level 20 of a ziggurat.
You worshipped Sif Muna.
Sif Muna was most pleased with you.
You were a tree.
You visited 10 branches of the dungeon, and saw 48 of its levels.
You visited 1 ziggurat, and saw 20 of its levels.
You also visited: Trove, Ossuary and Gauntlet.

You collected 5640 gold pieces.
You spent 2934 gold pieces at shops.

Inventory:

Hand Weapons
 y - a +2 long sword of distortion
   (You took it off a tengu reaver on level 5 of the Vaults)
 Y - the +11 dagger "Geixinki" {spect, rF++}
   (You took it off a tengu reaver on level 5 of the Vaults)

   rF++:      It greatly protects you from fire.
Missiles
 A - 7 throwing nets
 M - 6 curare-tipped darts
Armour
 a - a +2 helmet of intelligence (melded)
   (You found it in a Gauntlet)
 g - the +1 pair of gloves of Gasch (melded) {Str+3}
   (You found it on level 16 of a ziggurat)

   Str+3:     It affects your strength (+3).
 j - the +5 Storm Queen's Shield {shock, Fly rElec}
   (You acquired it on level 5 of the Vaults)

   Shock:     When it blocks an attack, it may electrocute the attacker.
   This works even against foes who are a short distance away.
   rElec:     It insulates you from electricity.
   Fly:       It grants you flight.
 l - a +2 cloak of poison resistance (melded)
   (You bought it in a shop on level 2 of the Dungeon)
 w - a +5 kite shield of positive energy
   (You took it off a tengu warrior on level 14 of the Dungeon)
 x - the orb of Summertime {mayhem, Necro}
   (You found it on level 13 of a ziggurat)

   Necro:     It increases the power of your Necromancy spells.
 E - the +1 cloak of the Onion {Int+3}
   (You found it on level 7 of the Dungeon)

   Int+3:     It affects your intelligence (+3).
 L - a +3 buckler of fire resistance (worn)
   (You took it off a tengu reaver on level 16 of a ziggurat)
 P - a +2 pair of boots (melded)
   (You found it on level 12 of the Dungeon)
 R - a +3 troll leather armour (melded) {Snorg}
   (You found it on level 14 of the Dungeon)
Magical Staves
 k - the staff of Amorality (weapon) {rElec rC+ rCorr Air}
   (You found it on level 5 of the Vaults)

   [staff of air]

   Base accuracy: +5 Base damage: 5 Base attack delay: 1.2 This weapon's minimum
   attack delay (0.6) is reached at skill level 12.
   rC+:       It protects you from cold.
   rElec:     It insulates you from electricity.
   rCorr:     It protects you from acid and corrosion.
   Air:       It increases the power of your Air spells.
   It falls into the 'Staves' category.
   It is a one-handed weapon.
 p - the staff of Saag {rF+ MP+9 Str+6 Fire}
   (You found it on level 15 of the Dungeon)

   [staff of fire]

   Base accuracy: +5 Base damage: 5 Base attack delay: 1.2 This weapon's minimum
   attack delay (0.6) is reached at skill level 12.
   Str+6:     It affects your strength (+6).
   rF+:       It protects you from fire.
   MP+9:      It affects your magic capacity (+9).
   Fire:      It increases the power of your Fire spells.
   It falls into the 'Staves' category.
   It is a one-handed weapon.
Jewellery
 c - a ring of magical power
   (You found it on level 3 of the Elven Halls)
 e - the macabre finger necklace {Finger+ rN+}
   (You found it on level 15 of a ziggurat)

   [amulet of nothing]

   Finger+:   It enables you to equip an extra ring.
   rN+:       It protects you from negative energy.
 f - the ring "Jeukolo" {rF+ Will+ rCorr Stlth-}
   (You found it on level 5 of the Pits of Slime)

   [ring of willpower]

   rF+:       It protects you from fire.
   Will+:     It increases your willpower.
   rCorr:     It protects you from acid and corrosion.
   Stlth-:    It makes you less stealthy.
 i - the ring of Vytateet {rF+ rC++}
   (You found it on level 3 of the Elven Halls)

   [ring of protection from fire]

   rF+:       It protects you from fire.
   rC++:      It greatly protects you from cold.
 s - the ring of Resumed Hostilities (left branch) {Wiz rN+ Str+4 Stlth-}
   (You found it on level 5 of the Pits of Slime)

   [ring of wizardry]

   Wiz:       It improves your spell success rate.
   Str+4:     It affects your strength (+4).
   rN+:       It protects you from negative energy.
   Stlth-:    It makes you less stealthy.
 v - an amulet of the acrobat (around neck)
   (You found it on level 3 of the Lair of Beasts)
 H - the ring of Plog {Ice rElec rN+ Slay+3 Stlth-}
   (You took it off a deep elf demonologist on level 3 of the Elven Halls)

   [ring of ice]

   Ice:       It enhances your ice magic.
   Slay+3:    It affects your accuracy & damage with ranged weapons and melee
   (+3).
   rF-:       It makes you vulnerable to fire.
   rC+:       It protects you from cold.
   rElec:     It insulates you from electricity.
   rN+:       It protects you from negative energy.
   Stlth-:    It makes you less stealthy.
 I - the ring of Qasmisk (right branch) {rCorr Int+6 Dex+5}
   (You found it on level 5 of the Pits of Slime)

   [ring of intelligence]

   Int+6:     It affects your intelligence (+6).
   Dex+5:     It affects your dexterity (+5).
   rCorr:     It protects you from acid and corrosion.
 J - a ring of flight
   (You found it on level 2 of the Lair of Beasts)
 K - an amulet of regeneration
   (You took it off a deep elf sorcerer on level 3 of the Elven Halls)
 T - a +6 ring of strength
   (You found it on level 19 of a ziggurat)
Wands
 u - a wand of acid (36)
   (You found it on level 4 of the Dungeon)
 F - a wand of roots (42)
   (You found it on level 8 of the Dungeon)
 S - a wand of digging (13)
   (You found it on level 3 of the Elven Halls)
Scrolls
 r - 3 scrolls of summoning
 t - 15 scrolls of teleportation
 z - 7 scrolls of blinking
 N - 5 scrolls of immolation
 Q - 12 scrolls of revelation
 V - 6 scrolls of vulnerability
 W - 19 scrolls of fog
 Z - 6 scrolls of fear
Potions
 b - 9 potions of magic
 h - 5 potions of haste
 m - 11 potions of brilliance
 n - a potion of resistance
 o - 6 potions of ambrosia
 q - 14 potions of curing
 B - 6 potions of lignification
 C - 11 potions of mutation
 O - 2 potions of enlightenment
 X - 3 potions of cancellation
Miscellaneous
 d - a tin of tremorstones (1/2)
   (You found it on level 15 of the Dungeon)
 D - a sack of spiders
   (You found it on level 5 of the Vaults)
 G - a phantom mirror
   (You found it on level 15 of the Dungeon)
 U - a phial of floods
   (You found it on level 5 of the Vaults)


   Skills:
 - Level 12.0 Fighting
 - Level 7.8 Dodging
 - Level 2.4 Stealth
 - Level 4.3 Shields
 - Level 20.0 Spellcasting
 - Level 23.6 Summonings
 - Level 20.9 Necromancy
 - Level 6.0 Translocations
 - Level 3.0 Fire Magic
 - Level 7.1 Ice Magic
 - Level 11.0 Invocations
 - Level 6.0 Evocations
 + Level 18.1 Shapeshifting


You had 4 spell levels left.
You knew the following spells:

 Your Spells              Type           Power      Damage    Failure   Level
a - Freeze                Ice            100%       1d10      1%          1
b - Dragon's Call         Summ           54%        N/A       4%          9
c - Ozocubu's Armour      Ice            66%        N/A       1%          3
d - Passage of Golubria   Tloc           62%        N/A       1%          4
e - Infestation           Necr           51%        N/A       1%          8
f - Borgnjor's Vile Clut  Necr/Erth      38%        N/A       1%          5
g - Death's Door          Necr           51%        N/A       12%         9
h - Malign Gateway        Summ/Tloc      44%        N/A       1%          7
i - Haunt                 Necr/Summ      53%        N/A       1%          7
j - Death Channel         Necr           51%        N/A       1%          6
k - Sublimation of Blood  Necr           100%       N/A       0%          2
q - Apportation           Tloc           100%       N/A       1%          1

Your spell library contained the following spells:

 Spells                   Type           Power      Damage    Failure   Level
 Necrotise                Necr           100%       1d9       0%          1
 Summon Small Mammal      Summ           100%       N/A       0%          1
 Call Imp                 Summ           100%       N/A       0%          2
 Call Canine Familiar     Summ           100%       N/A       0%          3
 Fugue of the Fallen      Necr           100%       N/A       0%          3
 Summon Ice Beast         Ice/Summ       90%        N/A       0%          3
 Vampiric Draining        Necr           100%       2d13      0%          3
 Animate Dead             Necr           100%       N/A       0%          4
 Dispel Undead            Necr           100%       3d31      0%          4
 Martyr's Knell           Necr/Summ      100%       N/A       0%          4
 Foxfire                  Conj/Fire      100%       2x1d9     1%          1
 Magic Dart               Conj           100%       1d8       1%          1
 Sandblast                Erth           62%        2d14      1%          1
 Shock                    Conj/Air       100%       1d9       1%          1
 Slow                     Hex            100%       N/A       1%          1
 Sting                    Conj/Alch      100%       1d9       1%          1
 Blink                    Tloc           100%       N/A       1%          2
 Cigotuvi's Dreadful Rot  Necr/Alch/Air  100%       N/A       1%          2
 Ensorcelled Hibernation  Hex/Ice        100%       N/A       1%          2
 Jinxbite                 Hex            62%        N/A       1%          2
 Mercury Vapours          Alch/Air       92%        N/A       1%          2
 Momentum Strike          Conj/Tloc      98%        3d10      1%          2
 Scorch                   Fire           98%        2d9       1%          2
 Searing Ray              Conj           62%        2d6       1%          2
 Static Discharge         Conj/Air       92%        3-7/arc   1%          2
 Dazzling Flash           Conj/Hex       62%        N/A       1%          3
 Frozen Ramparts          Ice            100%       1d16      1%          3
 Gell's Gravitas          Tloc           62%        N/A       1%          3
 Hailstorm                Conj/Ice       52%        3d10      1%          3
 Inner Flame              Hex/Fire       40%        N/A       1%          3
 Passwall                 Erth           31%        N/A       1%          3
 Stone Arrow              Conj/Erth      62%        3d10      1%          3
 Swiftness                Air            46%        N/A       1%          3
 Tukima's Dance           Hex            31%        N/A       1%          3
 Volatile Blastmotes      Fire/Tloc      100%       2d18      1%          3
 Anguish                  Hex/Necr       38%        N/A       1%          4
 Animate Armour           Summ/Erth      100%       N/A       1%          4
 Iskenderun's Mystic Bla  Conj/Tloc      49%        2d11      1%          4
 Manifold Assault         Tloc           62%        N/A       1%          4
 Summon Blazeheart Golem  Fire/Summ      85%        N/A       1%          4
 Summon Lightning Spire   Summ/Air       100%       N/A       1%          4
 Vhi's Electric Charge    Tloc/Air       100%       N/A       1%          4
 Flame Wave               Conj/Fire      40%        2d11      3%          4
 Ignite Poison            Fire/Alch      40%        N/A       3%          4
 Sticky Flame             Fire/Alch      40%        2d8       3%          4
 Airstrike                Air            23%        2d(4-20)  6%          4
 Brom's Barrelling Bould  Conj/Erth      31%        2d5       6%          4
 Cause Fear               Hex            15%        N/A       6%          4
 Fulminant Prism          Conj/Alch      15%        3d11      6%          4
 Leda's Liquefaction      Alch/Erth      15%        N/A       6%          4
 Olgreb's Toxic Radiance  Alch           31%        N/A       6%          4
 Petrify                  Alch/Erth      31%        N/A       6%          4
 Curse of Agony           Necr           100%       N/A       0%          5
 Summon Cactus Giant      Summ           54%        N/A       0%          6
 Summon Forest            Summ/Tloc      44%        N/A       1%          5
 Summon Mana Viper        Hex/Summ       81%        N/A       1%          5
 Monstrous Menagerie      Summ           54%        N/A       1%          7
 Summon Hydra             Summ           54%        N/A       1%          7
 Borgnjor's Revivificati  Necr           51%        N/A       1%          8
 Summon Horrible Things   Summ           54%        N/A       1%          8
 Metabolic Englaciation   Hex/Ice        26%        N/A       4%          5
 Spellforged Servitor     Conj/Summ      40%        N/A       4%          7
 Freezing Cloud           Conj/Ice/Air   31%        6-21      6%          5
 Dispersal                Tloc           31%        N/A       8%          6
 Fireball                 Conj/Fire      20%        3d10      9%          5
 Alistair's Intoxication  Alch           20%        N/A       16%         5
 Arcjolt                  Conj/Air       23%        1d33      16%         5
 Irradiate                Conj/Alch      15%        3d16      16%         5
 Iskenderun's Battlesphe  Conj           31%        2d8       16%         5
 Lee's Rapid Deconstruct  Erth           15%        3d10*     16%         5
 Silence                  Hex/Air        23%        N/A       16%         5
 Yara's Violent Unravell  Hex/Alch       15%        3d8       16%         5
 Ozocubu's Refrigeration  Ice            33%        4d14      26%         7
 Plasma Beam              Fire/Air       28%        2x1d41    43%         6
 Starburst                Conj/Fire      20%        6d7       43%         6
 Bombard                  Conj/Erth      15%        9d3       63%         6
 Conjure Ball Lightning   Conj/Air       23%        3x3d6     63%         6
 Eringya's Noxious Bog    Alch           15%        4d6       63%         6
 Disjunction              Tloc           31%        N/A       96%         8
 Enfeeble                 Hex            15%        N/A       99%         7
 Orb of Destruction       Conj           15%        9d7       99%         7
 Discord                  Hex            15%        N/A       100%        8
 Ignition                 Fire           24%        3d8       100%        8
 Lehudib's Crystal Spear  Conj/Erth      15%        10d5      100%        8
 Maxwell's Capacitive Co  Air            23%        ∞         100%        8


Dungeon Overview and Level Annotations

Branches:
Dungeon (15/15) Zot: 26011  Temple (1/1) D:5 Zot: 5853    Lair (5/5) D:10 Zot: 25485
 Shoals (4/4) Lair:2 Zot: 22686   Snake (4/4) Lair:3 Zot: 21798   Slime (5/5) Lair:4 Zot: 26614
    Orc (2/2) D:11 Zot: 11110     Elf (3/3) Orc:2 Zot: 16341  Vaults (5/5) D:14 Zot: 25407
 Depths (4/4) D:15 Zot: 22840 Ossuary (visited)         Gauntlet (visited)
  Crypt: Vaults:2-3     Zot: Depths:4

Altars:
Ashenzari
Cheibriados
Dithmenos
Elyvilon
Fedhas
Gozag
Hepliaklqana
Kikubaaqudgha
Makhleb
Nemelex Xobeh
Okawaru
Qazlal
Ru
Sif Muna
Trog
Uskayaw
Vehumet
Wu Jian
Xom
Yredelemnul
Zin
The Shining One
Jiyva

Shops:
D:2 [   D:11 [   D:12 (   Orc:2 (**!   Elf:3 !!:(*   Shoals:2 [   Snake:3 ::=:
Vaults:2 !

Portals:
Hell: Depths:1 Depths:3
Abyss: Depths:3

Annotations:
Lair:1 2 transporters, 7tar4e's ghost, novice OpSh; Gastronok; Nergalle
Lair:2 shoals, Urug
Lair:3 snake
Snake:2 Vashnia
Snake:3 exclusion: downstairs
Orc:2 exclusion: upstairs


Innate Abilities, Weirdness & Mutations

You are a tree.
Your roots penetrate the ground, keeping you stationary.
You cannot be teleported.
You are immune to unholy pain and torment.
Your maximum health is greatly increased.
Your equipment is partially melded.
((You have razor-sharp teeth.))
Your natural rate of healing is unusually fast.
When hurt, damage is shared between your health and your magic reserves.
((Your bite disrupts and absorbs the magic of your enemies.))
Potions cannot restore your health.
You are frail. (-10% HP)


Message History

You feel extremely nervous for a moment...
You are engulfed in negative energy!
You partially resist.
You feel drained.
A royal mummy comes into view.
The royal mummy is engulfed in blazing flames.
The royal mummy calls on the powers of darkness!
Your storm dragon convulses!
The emperor scorpion convulses!
You feel a surge of unholy energy.
The emperor scorpion convulses! x2
The royal mummy is engulfed in blazing flames.
Flame seeps out of the royal mummy.
The royal mummy casts a spell at you. Something smites you!
* * * LOW HITPOINT WARNING * * *
The mummy priest mumbles some strange prayers to its god.
Send 'em back where they came from!
Your storm dragon disappears in a puff of smoke!
A mummy priest comes into view.
The guardian mummy is engulfed in blazing flames.
A mummy comes into view.
The emperor scorpion stings you but does no damage.
The emperor scorpion claws you but does no damage. x2
The death scarab is engulfed in blazing flames.
The death scarab bites your death scarab!
Your death scarab is engulfed in blazing flames.
Your death scarab bites the death scarab!
The death scarab is engulfed in blazing flames.
Your Shapeshifting skill increases to level 18!
Unknown command.
Unknown command.
Unknown command.
Unknown command.
Unknown command.
Okay, then.
The tremorstone explodes into fragments!
The burst of rock shards engulfs the royal mummy!
Flame seeps out of the royal mummy.
The burst of rock shards engulfs the royal mummy!
The burst of rock shards engulfs the death scarab!
You destroy the death scarab!
The death scarab's corpse disappears in a puff of smoke!
The burst of rock shards engulfs your death scarab!
You destroy your death scarab!
The burst of rock shards engulfs the emperor scorpion but does no damage.
The burst of rock shards engulfs the royal mummy.
Flame seeps out of the royal mummy.
The burst of rock shards engulfs the emperor scorpion but does no damage.
The burst of rock shards engulfs the royal mummy!!
Flame seeps out of the royal mummy.
The burst of rock shards engulfs the emperor scorpion.
The burst of rock shards engulfs your death scarab but does no damage.
The burst of rock shards engulfs the royal mummy but does no damage.
The burst of rock shards engulfs the emperor scorpion but does no damage.
The burst of rock shards engulfs the royal mummy!
Sif Muna accepts your kill.
The burst of rock shards engulfs the emperor scorpion but does no damage.
The burst of rock shards engulfs the titan zombie!
The burst of rock shards engulfs the guardian mummy!
The burst of rock shards engulfs you but does no damage.
The burst of rock shards engulfs the death scarab!
The burst of rock shards engulfs the royal mummy but does no damage.
The burst of rock shards engulfs your death scarab.
The burst of rock shards engulfs the emperor scorpion but does no damage.
A death scarab bursts from the royal mummy!
You feel extremely nervous for a moment...
You feel weird for a moment.
The royal mummy explodes!
The fiery explosion engulfs the emperor scorpion!!!
You kill the emperor scorpion!
The emperor scorpion's corpse disappears in a puff of smoke!
The fiery explosion engulfs the titan zombie!!!
The titan zombie is severely damaged.
The fiery explosion engulfs the guardian mummy!!!
You destroy the guardian mummy!
Sif Muna accepts your kill.
The fiery explosion engulfs your death scarab!!
You destroy your death scarab!
You feel extremely nervous for a moment...
The world around you seems to dim momentarily.
A dragon arrives to answer your call!
You feel very sick.
The death scarab is engulfed in blazing flames.
The death scarab bites you but does no damage. x2
The death scarab is engulfed in blazing flames.
The sphinx skeleton is engulfed in blazing flames.
The royal mummy is engulfed in blazing flames.
The royal mummy gestures wildly while chanting.
Send 'em back where they came from!
Your fire dragon disappears in a puff of smoke!
The royal mummy is engulfed in blazing flames. x2
Flame seeps out of the royal mummy.
The mummy priest calls down the wrath of its god upon you.
Something smites you!
* * * LOW HITPOINT WARNING * * *
A guardian mummy comes into view.
The titan zombie is engulfed in blazing flames.
The guardian mummy is engulfed in blazing flames.
The death scarab is engulfed in blazing flames.
Your life force feels restored.
Unknown command.
Are you sure you want to abandon this character and quit the game? (Confirm with "yes".)

.............▓▓▓▓▓▓▓▓▓▓▓
.......................▓
..8.......8............▓
†888M....888...........▓
..8.......8............▓
MMM§...................▓
☼°§....B...............▓
§○M○B§Z♣B.............∩▓
☼Z§M☼.§................▓
°s○☼§§Ms...............▓
MM8§B○....8............▓
M888.....888...........▓
..8.......8............▓
..M....................▓
.............▓▓▓▓▓▓▓▓▓▓▓


You could see 3 royal mummies, 2 emperor scorpions, 4 mummy priests, 2 guardian
mummies, 4 death scarabs, 2 mummies, a titan zombie and a sphinx skeleton.

Vanquished Creatures
  3 royal mummies (Zig:20)
  Rupert (Lair:4)
  A walking crystal tome (Depths:3)
  An acid blob (Slime:5)
  A lich (Depths:3)
  A deep elf master archer (Elf:3)
  Aizul (Snake:4)
  A nagaraja (Snake:4)
  A frost giant (Zig:16)
  An azure jelly (Slime:5)
  A vault warden (Zig:16)
  A ghost moth (Zig:4)
  An orc warlord (Orc:2)
  A quicksilver ooze (Slime:5)
  2 very ugly things
  A stone giant (Zig:16)
  A juggernaut skeleton (Zig:20)
  A deep elf death mage (Elf:3)
  3 mummy priests
  An ettin (Zig:16)
  A merfolk impaler (Shoals:4)
  2 yaktaur captains (Zig:16)
  A spriggan zombie (Zig:20)
  A vault guard (Zig:16)
  2 hydras (Lair:3)
  A merfolk avatar (Lair:5)
  A boulder beetle (D:11)
  2 ogre magi
  A catoblepas (Lair:5)
  5 two-headed ogres
  An anaconda (Snake:3)
  An alligator snapping turtle (Shoals:4)
  10 death yaks
  A death scarab (Zig:20)
  A tengu warrior (D:12)
  4 naga warriors
  2 shock serpents
  3 naga sharpshooters
  2 skysharks
  A skeletal warrior (D:12)
  A salamander mystic (Snake:4)
  A goliath frog (Zig:8)
  2 deep trolls
  A sea snake (Lair:5)
  A lindwurm (Lair:3)
  An anaconda zombie (Snake:4)
  2 deep elf zephyrmancers
  2 ironbound convokers
  A harpy (Lair:5)
  A deep elf pyromancer (D:13)
  Pikel (D:5)
  A wolf spider (Lair:5)
  2 cyclopes
  2 ugly things
  An orc knight (Orc:1)
  A will-o-the-wisp (Zig:17)
  An orc sorcerer (Orc:2)
  A manticore (Shoals:4)
  A kobold blastminer (Orc:2)
  11 elephants
  4 naga magi
  A salamander (Snake:3)
  2 vault sentinels (Zig:16)
  A shock serpent zombie (Snake:4)
  A naga zombie (Snake:4)
  5 black mambas
  A guardian serpent (shapeshifter) (D:15)
  2 water nymphs
  An unseen horror (D:10)
  A gargoyle (D:11)
  10 cane toads
  A merfolk zombie (Shoals:4)
  8 komodo dragons
  A yaktaur (shapeshifter) (Zig:16)
  A tengu conjurer (D:12)
  A yaktaur (Vaults:1)
  2 rime drakes
  4 guardian mummies (Zig:20)
  A polar bear (Lair:5)
  7 trolls
  Prince Ribbit (D:5)
  A queen bee (Lair:2)
  4 hornets (Lair:5)
  4 blink frogs
  Grinder (D:6)
  6 merfolk (Shoals:4)
  2 dream sheep (Lair:5)
  7 slime creatures
  2 water elementals
  2 ushabtiu (Zig:20)
  An air elemental (Elf:1)
  2 vampires
  A wyvern (D:9)
  2 wraiths (D:12)
  A hog (Snake:1)
  25 yaks
  2 basilisks
  A warg (Orc:2)
  2 steam dragons
  3 vampire mosquitoes
  6 nagas
  A water nymph zombie (Shoals:4)
  13 water moccasins
  7 orc warriors
  2 black bears (D:4)
  A snapping turtle zombie (Shoals:4)
  16 wolves
  7 ogres
  A centaur (D:7)
  4 lemures (D:5)
  A kobold zombie (Orc:2)
  7 bullfrogs
  A scorpion (D:7)
  A gnoll sergeant (D:12)
  7 wights
  25 killer bees
  5 nameless horrors
  2 electric eels (D:12)
  2 bullfrog zombies (Ossuary)
  2 bombardier beetles (D:5)
  2 jellies (D:4)
  5 orc priests
  6 mummies
  Natasha (D:3)
  6 orc wizards
  2 sleepcaps (D:7)
  An iguana (D:4)
  6 hell rats
  2 crocodile zombies (Ossuary)
  2 howler monkey zombies (Ossuary)
  An adder (D:2)
  12 gnolls
  2 dart slugs
  2 ribbon worms
  21 orcs
  9 bats
  4 endoplasms
  3 goblins (D:1)
  5 hobgoblins
  9 kobolds
  3 quokkas
  5 ball pythons
  2 frilled lizards (D:3)
  3 orc zombies
  4 rats
457 creatures vanquished.

Vanquished Creatures (collateral kills)
  the Royal Jelly (Slime:5)
  Mennas (Depths:4)
  An orb of fire (Zig:2)
  A royal mummy (Zig:20)
  5 golden dragons
  2 pearl dragons (Zig:10)
  3 Brimstone Fiends (Zig:12)
  Jorgrun (Elf:1)
  2 hellephants (Zig:12)
  A pandemonium lord (Zig:1)
  3 liches
  4 tentacled monstrosities
  3 walking earthen tomes
  12 titans
  3 deep elf master archers
  3 deep elf blademasters
  Frances (Shoals:1)
  5 searing wretches (Zig:12)
  15 acid blobs
  4 quicksilver dragons
  5 sphinxes
  Kirke (Snake:1)
  3 storm dragons
  9 shadow dragons
  10 tengu reavers
  17 rockslimes
  Ilsuiw (Shoals:4)
  10 nagarajas
  17 azure jellies
  3 daevas (Zig:10)
  10 fire giants
  2 fenstrider witches (Zig:19)
  A draconian knight (Depths:4)
  A draconian monk (Zig:18)
  2 frost giants (Vaults:5)
  2 draconian shifters
  11 vault wardens
  10 deep elf sorcerers
  A deep elf elementalist (Elf:2)
  An iron dragon (Depths:3)
  A draconian stormcaller (Zig:18)
  2 angels (Zig:10)
  A balrug (Zig:12)
  A ghoul (Zig:17)
  9 quicksilver oozes
  15 very ugly things
  8 ironbound preservers
  5 ophanim (Zig:10)
  A spriggan defender (Depths:3)
  10 stone giants
  8 deep elf demonologists
  4 formless jellyfish
  A green draconian (Depths:4)
  An apis (Zig:10)
  4 ironbound thunderhulks
  A black draconian (Zig:18)
  A demonspawn black sun (D:13)
  4 deep elf death magi (Elf:3)
  3 eleionomae
  5 deep elf annihilators
  8 bunyips
  2 white draconians
  8 dire elephants
  A minotaur (Gauntlet)
  7 spark wasps
  Snorg (D:14)
  6 green deaths
  4 war gargoyles
  3 deep elf high priests
  6 merfolk javelineers
  2 mummy priests (Zig:6)
  3 jiangshi (Depths:4)
  5 fire dragons
  6 merfolk impalers
  9 ettins
  14 yaktaur captains
  5 great orbs of eyes
  5 shambling mangroves
  An entropy weaver (Vaults:5)
  A peacekeeper (Vaults:3)
  5 ice dragons
  5 salamander tyrants
  A ghost crab (Zig:8)
  21 hydras
  A radroach (shapeshifter) (Zig:16)
  3 rakshasas
  4 alligators
  2 catoblepae
  A merfolk avatar (Shoals:4)
  3 anacondas
  29 vault guards
  5 ogre magi
  5 ironbound frosthearts
  4 boulder beetles
  5 centaur warriors
  4 merfolk aquamancers (Shoals:4)
  4 spriggan air magi
  18 two-headed ogres
  7 deep troll shamans
  2 satyrs (Shoals:4)
  5 tengu warriors
  3 death scarabs
  An alligator snapping turtle (Shoals:4)
  12 dancing weapons
  13 naga warriors
  A death knight (D:13)
  9 deep troll earth magi
  2 death yaks (Lair:4)
  5 spriggan berserkers
  2 vampire magi
  13 naga sharpshooters
  6 shock serpents
  5 deep elf knights
  6 sun demons
  4 skysharks
  5 salamander mystics
  A soul eater (Depths:2)
  A fire crab (shapeshifter) (D:15)
  10 iron trolls
  A shadow wraith (Zig:16)
  5 goliath frogs
  11 sea snakes
  2 glowing orange brains
  4 mana vipers
  34 deep trolls
  4 large abominations
  3 spriggan druids
  7 deep elf archers
  A swamp dragon (shapeshifter) (Vaults:5)
  5 naga ritualists
  A glowing orange brain (shapeshifter) (D:15)
  3 obsidian statues
  A mana viper (shapeshifter) (Vaults:5)
  A bog body (Zig:17)
  2 spriggan riders
  10 swamp dragons
  3 phantasmal warriors
  5 arcanists
  6 orc knights
  A flayed ghost (Depths:4)
  8 lindwurms (Vaults:1)
  3 harpies
  10 ironbound convokers
  A steelbarb worm (Zig:4)
  25 deep elf zephyrmancers
  3 necromancers
  14 manticores
  A shining eye (shapeshifter) (Vaults:5)
  A wolf spider (Zig:16)
  25 deep elf pyromancers
  A cyclops (shapeshifter) (D:15)
  9 fauns
  5 orc sorcerers
  6 will-o-the-wisps
  8 shining eyes
  12 merfolk sirens
  28 ugly things
  A cyclops (Orc:2)
  A meliai (shapeshifter) (D:15)
  A stone giant skeleton (Zig:3)
  3 meliai (D:15)
  12 salamanders
  2 elephants
  A black mamba (shapeshifter) (D:15)
  5 water nymphs
  3 smoke demons (Depths:2)
  10 nameless horrors
  19 black mambas
  6 guardian serpents
  A frost giant skeleton (Zig:6)
  19 naga magi
  A gargoyle (D:12)
  2 ice statues (Zig:17)
  11 vault sentinels
  7 eyes of devastation
  7 cane toads
  A komodo dragon (Lair:5)
  A yaktaur (shapeshifter) (D:15)
  3 hellions (Zig:12)
  25 yaktaurs
  5 freezing wraiths
  2 rime drakes (Lair:3)
  A tengu conjurer (D:15)
  7 guardian mummies
  A polar bear (shapeshifter) (D:15)
  8 trolls
  24 merfolk
  15 hornets
  8 tyrant leeches
  4 wind drakes (Shoals:4)
  A hornet (shapeshifter) (D:15)
  4 blink frogs
  5 snapping turtles
  2 tarantellas (Zig:4)
  A dream sheep (shapeshifter) (D:15)
  3 dream sheep (Lair:5)
  A spriggan zombie (Zig:6)
  6 glass eyes
  82 slime creatures
  A ynoxinul (Gauntlet)
  7 air elementals
  A spriggan (shapeshifter) (D:15)
  6 spriggans
  2 wraiths (D:13)
  3 wyverns
  An ushabti (Zig:3)
  2 culicivoras
  7 water elementals
  A vampire (D:14)
  8 yaks
  3 fire elementals
  5 shadows (Gauntlet)
  5 hogs (Snake:1)
  A human (D:14)
  A golden eye (shapeshifter) (D:15)
  4 wargs (Zig:7)
  3 basilisks
  4 golden eyes
  2 redbacks (D:15)
  A warg (shapeshifter) (Vaults:5)
  3 vampire mosquitoes
  23 nagas
  7 small abominations
  An acid dragon (D:10)
  2 water moccasins
  9 orc warriors
  An ice beast (D:7)
  5 black bears
  A laughing skull (D:15)
  19 ogres
  4 wolves
  5 boggarts (D:15)
  2 centaurs (D:10)
  3 bullfrogs
  2 gnoll sergeants (D:9)
  A scorpion (D:10)
  5 earth elementals
  2 wights (D:10)
  A killer bee (Lair:2)
  6 electric eels
  A bullfrog zombie (Ossuary)
  3 jellies
  4 orc priests
  3 iron imps (Gauntlet)
  A sleepcap (D:7)
  14 mummies
  7 orc wizards
  2 crocodile zombies (Ossuary)
  A hound zombie (Ossuary)
  A howler monkey zombie (Ossuary)
  2 gnolls (D:4)
  A dart slug (D:4)
  A ribbon worm (D:5)
  15 orcs
  2 spectral weapons (Zig:19)
1423 creatures vanquished.

Vanquished Creatures (others)
  A dread lich (Zig:16)
  A quicksilver dragon (Vaults:5)
  4 eldritch tentacles
  A bunyip (Zig:8)
  A vault guard (Vaults:5)
  3 titan zombies (Vaults:5)
  A deep elf knight (Elf:3)
  A storm dragon zombie (Vaults:5)
  A shadow wraith (Vaults:5)
  A salamander mystic (Snake:3)
  An anaconda zombie (Snake:2)
  A goliath frog (Zig:17)
  A tengu zombie (Vaults:5)
  3 deep elf pyromancers
  A deep elf zephyrmancer (Elf:1)
  A shock serpent zombie (Snake:2)
  3 mana viper zombies (Snake:1)
  A sea snake zombie (Shoals:2)
  10 human zombies (Vaults:5)
  2 merfolk (Shoals:4)
  A bloated husk (Zig:17)
  A harpy zombie (Shoals:4)
  2 guardian serpent zombies
  5 black mamba zombies
  An air elemental (Elf:1)
  A wind drake zombie (Shoals:4)
  A faun zombie (Shoals:2)
  A water nymph zombie (Shoals:4)
  2 deep troll zombies (Vaults:5)
  2 two-headed ogre zombies (Orc:2)
  6 elf zombies
  2 manticore zombies
  6 merfolk zombies (Shoals:4)
  4 hog zombies (Snake:1)
  4 yaktaur zombies
  8 salamander zombies (Snake:4)
  A warg zombie (Orc:2)
  2 troll zombies (Orc:2)
  38 naga zombies
  6 ogre zombies (Orc:2)
  17 orc zombies
  42 blazeheart cores
  11 foxfires
203 creatures vanquished.

Grand Total: 2083 creatures vanquished

Notes
Turn   | Place    | Note
-------+----------+-------------------------------------------
     0 | D:1      | Flugkiller the Vine Stalker Ice Elementalist began the
                  | quest for the Orb.
     0 | D:1      | Reached XP level 1. HP: 9/9 MP: 4/4
    71 | D:2      | Reached XP level 2. HP: 13/13 MP: 1/6
   105 | D:2      | Found a faded altar of an unknown god.
   108 | D:2      | Found Hiag's Armour Shop.
   247 | D:1      | Reached XP level 3. HP: 9/13 MP: 0/8
   428 | D:2      | Learned a level 3 spell: Frozen Ramparts
   432 | D:2      | Learned a level 3 spell: Summon Ice Beast
   505 | D:4      | Noticed a black bear
   512 | D:4      | Killed a black bear
   513 | D:4      | Reached skill level 5 in Ice Magic
   513 | D:4      | Reached XP level 4. HP: 21/21 MP: 2/11
   513 | D:4      | Reached XP level 5. HP: 24/24 MP: 2/12
   700 | D:3      | Found an iron altar of Okawaru.
   920 | D:4      | Reached XP level 6. HP: 27/28 MP: 5/13
   936 | D:4      | Found a stormy altar of Qazlal.
  1150 | D:3      | Noticed Natasha
  1158 | D:3      | Killed Natasha
  1257 | D:4      | Reached skill level 5 in Spellcasting
  1290 | D:5      | Entered Level 5 of the Dungeon
  1312 | D:5      | Found a staircase to the Ecumenical Temple.
  1327 | D:5      | Noticed Pikel
  1354 | D:5      | Killed Pikel
  1355 | D:5      | Reached XP level 7. HP: 32/32 MP: 6/17
  1379 | Temple   | Entered the Ecumenical Temple
  1449 | Temple   | Became a worshipper of Sif Muna the Loreminder
  1454 | Temple   | Learned a level 3 spell: Ozocubu's Armour
  1456 | Temple   | Learned a level 1 spell: Apportation
  1623 | D:4      | Reached skill level 1 in Fighting
  1804 | D:5      | Found a shimmering altar of Xom.
  1810 | D:5      | Gained mutation: You have razor-sharp teeth. [Vine Stalker
                  | growth]
  1810 | D:5      | Reached XP level 8. HP: 37/37 MP: 14/18
  1899 | D:5      | Noticed Prince Ribbit
  1913 | D:5      | Killed Prince Ribbit
  1914 | D:5      | Reached skill level 1 in Summonings
  1939 | D:5      | Found an ornate altar of the Wu Jian Council.
  2159 | D:2      | Bought a +2 cloak of poison resistance for 203 gold pieces
  2496 | D:7      | Reached * piety under Sif Muna
  2503 | D:7      | Reached XP level 9. HP: 37/45 MP: 11/22
  2523 | D:7      | Found a sand-covered staircase.
  2528 | Ossuary  | Entered an ossuary
  2788 | D:6      | Noticed Grinder
  2812 | D:6      | Killed Grinder
  2813 | D:6      | Reached skill level 10 in Spellcasting
  2906 | D:7      | Identified the +1 cloak of the Onion {Int+3}
  2917 | D:7      | Reached skill level 1 in Invocations
  2917 | D:7      | Reached skill level 1 in Evocations
  3035 | D:10     | Entered Level 10 of the Dungeon
  3069 | D:9      | Reached ** piety under Sif Muna
  3198 | D:10     | Killed an unseen horror
  3207 | D:10     | Reached XP level 10. HP: 40/49 MP: 8/25
  3210 | D:10     | Found a staircase to the Lair.
  3215 | D:10     | Noticed a two-headed ogre
  3230 | D:10     | Killed a two-headed ogre
  3288 | Lair:1   | Entered Level 1 of the Lair of Beasts
  3289 | Lair:1   | Noticed a black mamba
  3293 | Lair:1   | Noticed a cane toad
  3295 | Lair:1   | Killed a black mamba
  3300 | Lair:1   | Killed a cane toad
  3344 | Lair:1   | Noticed a black mamba
  3351 | Lair:1   | Killed a black mamba
  3363 | Lair:1   | Noticed an elephant
  3371 | Lair:1   | Noticed Nergalle
  3380 | Lair:1   | Noticed an elephant
  3399 | Lair:1   | Killed an elephant
  3400 | Lair:1   | Reached skill level 5 in Evocations
  3423 | Lair:1   | Reached XP level 11. HP: 53/53 MP: 10/26
  3444 | Lair:1   | Noticed Gastronok
  3494 | Lair:1   | Found a transporter.
  3498 | Lair:1   | Found a transporter.
  3498 | Lair:1   | Noticed 7tar4e's ghost (novice OpSh)
  3540 | Lair:1   | Reached skill level 5 in Fighting
  3736 | Lair:2   | Noticed Urug
  3831 | Lair:3   | Learned a level 4 spell: Summon Blazeheart Golem
  3856 | Lair:3   | Reached skill level 1 in Fire Magic
  3862 | Lair:3   | Reached skill level 2 in Summonings
  3873 | Lair:3   | Noticed a skyshark
  3897 | Lair:3   | Reached *** piety under Sif Muna
  3965 | Lair:2   | Reached skill level 3 in Summonings
  3987 | Lair:2   | Reached skill level 4 in Summonings
  4123 | Lair:3   | Noticed a lindwurm
  4123 | Lair:3   | Noticed a death yak
  4124 | Lair:3   | Noticed a five-headed hydra
  4138 | Lair:3   | Killed a death yak
  4139 | Lair:3   | Reached XP level 12. HP: 55/61 MP: 10/28
  4151 | Lair:3   | Reached skill level 5 in Summonings
  4187 | Lair:3   | Killed a five-headed hydra
  4233 | Lair:3   | Noticed an eight-headed hydra
  4242 | Lair:3   | Killed an eight-headed hydra
  4243 | Lair:3   | Reached skill level 6 in Summonings
  4307 | Lair:4   | Noticed a death yak
  4307 | Lair:4   | Noticed a death yak
  4307 | Lair:4   | Noticed a death yak
  4307 | Lair:4   | Noticed a death yak
  4307 | Lair:4   | Noticed a death yak
  4307 | Lair:4   | Noticed a death yak
  4345 | Lair:3   | Reached skill level 7 in Summonings
  4460 | Lair:3   | Killed a skyshark
  4517 | Lair:4   | Noticed a skyshark
  4550 | Lair:4   | Reached **** piety under Sif Muna
  4608 | Lair:4   | Found a staircase to the Slime Pits.
  4792 | Lair:5   | Entered Level 5 of the Lair of Beasts
  4850 | Lair:4   | Noticed Rupert
  4870 | Lair:4   | Killed Rupert
  4871 | Lair:4   | Reached XP level 13. HP: 65/65 MP: 9/32
  4910 | Lair:4   | Reached skill level 15 in Spellcasting
  4986 | Lair:5   | Reached ***** piety under Sif Muna
  5126 | Lair:5   | Received a gift from Sif Muna
  5145 | Lair:5   | Got Hogrob's Catalogue of the Jaunt {god gift}
  5357 | Lair:5   | Reached XP level 14. HP: 41/70 MP: 17/36
  5414 | Lair:5   | Identified the +9 trident "Kalucliush" {elec, ^Drain Str+3
                  | Int+2}
  5415 | Lair:5   | Got an earthy gem with 1578 turns to spare
  5474 | Lair:5   | Reached skill level 1 in Necromancy
  5667 | Lair:3   | Reached skill level 5 in Necromancy
  6159 | D:12     | Identified the +1 shortbow of Offence {elec, rElec rF-
                  | Will+++ rCorr}
  6167 | D:12     | Found Muega's Weapon Emporium.
  6569 | D:11     | Received a gift from Sif Muna
  6594 | D:11     | Got Ihi Von's Tome of the Lion {god gift}
  6894 | D:11     | Found Buthrepn's Armour Shop.
  7214 | D:10     | Identified the +11 lajatang of Wu Jian's Supremacy {pain,
                  | ^Contam rN++ Str+3 Int+4}
  7600 | D:9      | Found a bloodstained altar of Trog.
  8192 | D:11     | Found a staircase to the Orcish Mines.
  8210 | Orc:1    | Entered Level 1 of the Orcish Mines
  8217 | Orc:1    | Learned a level 4 spell: Animate Dead
  8272 | Orc:2    | Entered Level 2 of the Orcish Mines
  8283 | Orc:2    | Found Vuneso Ciha's Distillery.
  8296 | Orc:2    | Reached skill level 10 in Necromancy
  8423 | Orc:2    | Reached XP level 15. HP: 53/73 MP: 21/37
  8450 | Orc:2    | Received a gift from Sif Muna
  8451 | Orc:2    | Got Sockaema's Precepts of Allies {god gift}
  8474 | Orc:2    | Learned a level 6 spell: Summon Cactus Giant
  8647 | Orc:2    | Noticed an orc warlord
  8688 | Orc:2    | Killed an orc warlord
  8692 | Orc:2    | Reached skill level 8 in Summonings
  8710 | Orc:2    | Found Soaclaoquo's General Store.
  8724 | Orc:2    | Found Tuet's Assorted Antiques.
  8725 | Orc:2    | Found Amoptoch's Weapon Emporium.
  8776 | Orc:2    | Bought a scroll labelled LEM CAGAGONE for 18 gold pieces
  8776 | Orc:2    | Bought 2 glowing silvery potions for 32 gold pieces
  8823 | Orc:2    | Bought 3 scrolls of immolation for 216 gold pieces
  8823 | Orc:2    | Bought a scroll of revelation for 135 gold pieces
  8823 | Orc:2    | Bought a blackened bone wand for 72 gold pieces
  8823 | Orc:2    | Bought a potion of mutation for 144 gold pieces
  8829 | Orc:2    | Bought 2 potions of cancellation for 208 gold pieces
  8829 | Orc:2    | Bought 2 potions of mutation for 208 gold pieces
  8834 | Orc:2    | Bought a potion of degeneration for 14 gold pieces
  8972 | Lair:3   | Found a staircase to the Snake Pit.
  8996 | Snake:1  | Entered Level 1 of the Snake Pit
  9017 | Snake:1  | Reached skill level 9 in Summonings
  9038 | Snake:1  | Found a sparkling altar of Nemelex Xobeh.
  9058 | Snake:1  | Noticed Kirke
  9094 | Snake:1  | Killed Kirke
  9095 | Snake:1  | Reached skill level 10 in Summonings
  9326 | Snake:2  | Reached skill level 11 in Summonings
  9370 | Snake:2  | Noticed Vashnia
  9524 | Snake:2  | Learned a level 7 spell: Monstrous Menagerie
  9750 | Snake:3  | Noticed a nagaraja
  9772 | Snake:4  | Entered Level 4 of the Snake Pit
  9801 | Snake:4  | Identified the serpent talisman of the Stone Wall {rN+
                  | Str+2 Dex-3}
  9801 | Snake:4  | Noticed Aizul
  9817 | Snake:3  | Found Sumpas's Vocational Training.
  9828 | Snake:3  | Reached skill level 12 in Summonings
  9998 | Snake:3  | Found Dimp's Book Shop.
  9999 | Snake:3  | Found Sita's Jewellery Shoppe.
 10000 | Snake:3  | Found Dolai's Book Shop.
 10020 | Snake:3  | Killed a nagaraja
 10047 | Snake:3  | Reached XP level 16. HP: 77/77 MP: 11/39
 10171 | Snake:3  | Reached skill level 13 in Summonings
 10304 | Snake:3  | Learned a level 7 spell: Haunt
 10431 | Snake:4  | Killed Aizul
 10553 | Snake:4  | Noticed a nagaraja
 10566 | Snake:4  | Killed a nagaraja
 10600 | Snake:4  | Learned a level 6 spell: Death Channel
 10643 | Snake:4  | Noticed a nagaraja
 10644 | Snake:4  | Noticed a nagaraja
 10645 | Snake:4  | Reached skill level 10 in Invocations
 10649 | Snake:4  | Killed a nagaraja
 10770 | Snake:4  | Noticed a nagaraja
 10777 | Snake:4  | Killed a nagaraja
 10820 | Snake:4  | Killed a nagaraja
 10821 | Snake:4  | Reached skill level 14 in Summonings
 10853 | Snake:4  | Noticed a nagaraja
 10860 | Snake:4  | Killed a nagaraja
 10909 | Snake:4  | Reached XP level 17. HP: 72/81 MP: 11/40
 10956 | Snake:4  | Got a serpentine rune of Zot
 10956 | Snake:4  | Got a jade gem with 394 turns to spare
 10996 | Snake:2  | Reached skill level 15 in Summonings
 11121 | Lair:2   | Found a staircase to the Shoals.
 11130 | Shoals:1 | Entered Level 1 of the Shoals
 11137 | Shoals:1 | Noticed Frances
 11256 | Shoals:2 | Found Ahow's Armour Boutique.
 11464 | Shoals:2 | Reached skill level 16 in Summonings
 11543 | Shoals:4 | Entered Level 4 of the Shoals
 11543 | Shoals:4 | Found the +5 scythe "Finisher" {speed, execute}
 11583 | Shoals:4 | Noticed Ilsuiw
 11618 | Shoals:4 | Killed Ilsuiw
 11628 | Shoals:4 | Reached skill level 17 in Summonings
 11639 | Shoals:4 | Identified the +1 battleaxe "Killer Klown's Curse" {pain,
                  | ^Contam rElec Str+4}
 12046 | Shoals:4 | Reached skill level 18 in Summonings
 12085 | Shoals:4 | Identified the ring of the Uplifting Gods {rN+ Dex+2}
 12086 | Shoals:4 | Got a barnacled rune of Zot
 12098 | Shoals:4 | Reached XP level 18. HP: 45/86 MP: 29/41
 12111 | Shoals:4 | Got an azure gem with 645 turns to spare
 12244 | Shoals:1 | Killed Frances
 12420 | Orc:2    | Found a staircase to the Elven Halls.
 12433 | Elf:1    | Entered Level 1 of the Elven Halls
 12514 | Elf:1    | Learned a level 4 spell: Passage of Golubria
 12547 | Elf:1    | Paralysed by an air elemental for 1 turns
 12554 | Elf:1    | Paralysed by an air elemental for 1 turns
 12556 | Elf:1    | Paralysed by an air elemental for 1 turns
 12579 | Elf:1    | Reached skill level 1 in Translocations
 12588 | Elf:1    | Paralysed by an air elemental for 1 turns
 12596 | Elf:1    | Noticed Jorgrun
 12604 | Elf:1    | Killed Jorgrun
 12618 | Elf:1    | Reached skill level 19 in Summonings
 12901 | Elf:3    | Entered Level 3 of the Elven Halls
 12904 | Elf:3    | Found Jeaqi's Distillery.
 12919 | Elf:3    | Found Unuipr Dere's Distillery.
 13052 | Elf:3    | Reached skill level 20 in Summonings
 13126 | Elf:3    | Found Jaxah's Assorted Antiques.
 13171 | Elf:3    | Found Limis's Self-Improvement Boutique.
 13251 | Elf:3    | Found Jatoaviq's Weapon Shop.
 13297 | Elf:3    | Noticed a Brimstone Fiend
 13469 | Elf:3    | Noticed a Hell Sentinel
 13501 | Elf:3    | Noticed a deep elf blademaster
 13506 | Elf:3    | Noticed a deep elf master archer
 13518 | Elf:3    | Killed a deep elf master archer
 13526 | Elf:3    | Killed a deep elf blademaster
 13548 | Elf:3    | Identified the ring of Vytateet {rF+ rC++}
 13563 | Elf:3    | Identified the +1 shortbow "Ceavu" {freeze, ^Fragile Str+3
                  | SInv}
 13600 | Elf:3    | Noticed a deep elf blademaster
 13606 | Elf:3    | Killed a deep elf blademaster
 13607 | Elf:3    | Reached skill level 21 in Summonings
 13608 | Elf:3    | Noticed a Hell Sentinel
 13611 | Elf:3    | Reached XP level 19. HP: 80/90 MP: 22/42
 13622 | Elf:3    | Identified the ring of Plog {Ice rElec rN+ Slay+3 Stlth-}
 13653 | Elf:3    | Got a shimmering gem with 535 turns to spare
 13673 | Elf:3    | Bought a potion of haste for 160 gold pieces
 13673 | Elf:3    | Bought a potion of haste for 160 gold pieces
 13679 | Elf:3    | Bought a potion of brilliance for 80 gold pieces
 13679 | Elf:3    | Bought a potion of cancellation for 160 gold pieces
 14090 | Snake:3  | Bought a book of Transmutation for 308 gold pieces
 14093 | Snake:3  | Learned a level 2 spell: Sublimation of Blood
 14201 | Lair:4   | Learned a level 9 spell: Dragon's Call
 14202 | Slime:1  | Entered Level 1 of the Pits of Slime
 14338 | Slime:4  | Paralysed by a formless jellyfish for 1 turns
 14369 | Slime:4  | Reached skill level 22 in Summonings
 14411 | Slime:5  | Entered Level 5 of the Pits of Slime
 14499 | Slime:5  | Found a viscous altar of Jiyva.
 14518 | Slime:5  | Noticed the Royal Jelly
 14586 | Slime:5  | Killed the Royal Jelly
 14606 | Slime:5  | Identified the ring of Resumed Hostilities {Wiz rN+ Str+4
                  | Stlth-}
 14661 | Slime:5  | Found the +4 Cigotuvi's embrace {Corpsefed rMiasma ^Drain
                  | rN+}
 14670 | Slime:5  | Got a slimy rune of Zot
 14670 | Slime:5  | Got a starry gem with 152 turns to spare
 14718 | Slime:5  | Identified the ring of Qasmisk {rCorr Int+6 Dex+5}
 14732 | Slime:5  | Identified the ring "Jeukolo" {rF+ Will+ rCorr Stlth-}
 14736 | Slime:5  | Identified the +11 hand axe "Xenieh" {vamp, rElec Will+}
 14804 | Slime:2  | Reached skill level 5 in Translocations
 15063 | D:14     | Reached skill level 23 in Summonings
 15076 | D:14     | Noticed Snorg
 15078 | D:14     | Killed Snorg
 15112 | D:14     | Reached XP level 20. HP: 53/94 MP: 38/43
 15265 | D:13     | Got Ts'ui Pên's Handbook of Forking Paths
 15281 | D:13     | Got the Anthology of Sand
 15281 | D:13     | Got the Codex of Dhcmrlchtdj
 15474 | D:14     | Found a gate to the Vaults.
 15486 | Vaults:1 | Entered Level 1 of the Vaults
 15653 | Vaults:2 | Found Xeireg's Distillery.
 16079 | Vaults:4 | Received a gift from Sif Muna
 16082 | Vaults:4 | Got Nungy's Directory of the Cursed Morgue {god gift}
 16165 | Vaults:5 | Entered Level 5 of the Vaults
 16258 | Vaults:5 | Reached skill level 15 in Necromancy
 16294 | Vaults:5 | Reached XP level 21. HP: 98/98 MP: 28/45
 16321 | Vaults:5 | Reached skill level 1 in Shapeshifting
 16325 | Vaults:5 | Identified the amulet of Kaichemn {Faith rF+ Int+2}
 16407 | Vaults:5 | Identified the +0 robe "Kotsylid" {*Corrode +Inv rElec}
 16455 | Vaults:5 | Reached skill level 5 in Shapeshifting
 16499 | Vaults:5 | Identified the staff of Amorality {rElec rC+ rCorr Air}
 16553 | Vaults:5 | Identified the ring "Fezxuan" {*Slow rF++ rCorr Str+4}
 16626 | Vaults:5 | Identified the +11 dagger "Geixinki" {spect, rF++}
 16700 | Vaults:5 | Identified a scroll of acquirement
 16796 | Vaults:5 | Got a silver rune of Zot
 16796 | Vaults:5 | Got a shining gem with 2444 turns to spare
 16860 | Vaults:5 | Identified the +0 great sword "Qott" {venom, rF+ rC- SInv}
 16864 | Vaults:5 | Reached skill level 10 in Shapeshifting
 16950 | Vaults:5 | Identified the +1 ring mail of Unreason {rCorr Int-2 Dex+2}
 16996 | Vaults:5 | Reached XP level 22. HP: 102/102 MP: 18/46
 17436 | Vaults:1 | Received a gift from Sif Muna
 17442 | Vaults:1 | Learned a level 8 spell: Infestation
 17442 | Vaults:1 | Got Sif Muna's Commentary on the Comitatus {god gift}
 17454 | Vaults:1 | Found a portal to a secret trove of treasure.
 17659 | D:15     | Entered Level 15 of the Dungeon
 17702 | D:15     | Found a gate leading to a gauntlet.
 17705 | Gauntlet | Entered a Gauntlet
 17705 | Gauntlet | Found a transporter.
 17705 | Gauntlet | Found a transporter.
 17705 | Gauntlet | Found a transporter.
 17706 | Gauntlet | Found a transporter.
 17731 | Gauntlet | Found a transporter.
 17741 | Gauntlet | Found a transporter.
 17745 | Gauntlet | Found a transporter.
 17755 | Gauntlet | Found a transporter.
 17776 | Gauntlet | Found a transporter.
 17793 | Gauntlet | Found a transporter.
 17797 | Gauntlet | Found a transporter.
 17807 | Gauntlet | Found a transporter.
 17873 | Gauntlet | Identified the +5 quarterstaff "Woqoed" {drain, rC+ rN+
                  | Str+2}
 17939 | Gauntlet | Identified the +1 robe of the Soldier {rF- rCorr Dex+4
                  | Slay+3}
 18018 | D:15     | Found an iron altar of Okawaru.
 18293 | Elf:3    | Bought 2 potions of resistance for 320 gold pieces
 18293 | Elf:3    | Bought a potion of magic for 128 gold pieces
 18293 | Elf:3    | Bought a potion of magic for 128 gold pieces
 18293 | Elf:3    | Bought a potion of enlightenment for 80 gold pieces
 18296 | Elf:3    | Bought a potion of invisibility for 160 gold pieces
 18650 | Vaults:1 | You paid a toll of 5 potions of resistance to enter a
                  | treasure trove
 18651 | Trove    | Entered a treasure trove
 18707 | Vaults:1 | Learned a level 5 spell: Borgnjor's Vile Clutch
 18882 | D:15     | Got a smoky gem with 2221 turns to spare
 19012 | D:15     | Identified the staff of Saag {rF+ MP+9 Str+6 Fire}
 19017 | D:15     | Got the Essays on the Wind and the Sphinx
 19018 | D:15     | Identified the +12 halberd of Shrieking Terror {elec, *Slow
                  | Dex+3 SInv}
 19202 | D:15     | Found a staircase to the Depths.
 19287 | Depths:1 | Entered Level 1 of the Depths
 19287 | Depths:1 | Found a gateway to Hell.
 19380 | Depths:2 | Reached skill level 15 in Shapeshifting
 19399 | Depths:2 | Received a gift from Sif Muna
 19448 | Depths:2 | Reached XP level 23. HP: 106/106 MP: 40/47
 19609 | Depths:4 | Entered Level 4 of the Depths
 19670 | Depths:4 | Noticed a golden dragon
 19674 | Depths:4 | Killed a golden dragon
 19700 | Depths:4 | Noticed Mennas
 19713 | Depths:4 | Killed Mennas
 19945 | Depths:3 | Found a one-way gate to the infinite horrors of the Abyss.
 20008 | Depths:3 | Noticed a golden dragon
 20023 | Depths:3 | Killed a golden dragon
 20036 | Depths:3 | Reached skill level 10 in Fighting
 20057 | Depths:3 | Got the Spellbook of the Ouroboros
 20377 | Depths:1 | Found a one-way gateway to a ziggurat.
 20385 | Depths:1 | Identified the +7 halberd of a Labyrinth {venom, ^Contam
                  | rPois rC+ Str+6}
 20428 | Zig:1    | Entered Level 1 of a ziggurat
 20428 | Zig:1    | Noticed Nitoenunal the pandemonium lord
 20434 | Zig:1    | Killed Nitoenunal the pandemonium lord
 20445 | Zig:2    | Entered Level 2 of a ziggurat
 20446 | Zig:2    | Noticed an orb of fire
 20447 | Zig:2    | Gained mutation: You are frail. (-10% HP) [an orb of fire]
 20453 | Zig:2    | Killed an orb of fire
 20488 | Zig:3    | Entered Level 3 of a ziggurat
 20510 | Zig:4    | Entered Level 4 of a ziggurat
 20512 | Zig:4    | Found the +2 Maxwell's thermic engine {flame, freeze, rev}
 20516 | Zig:4    | Found the +10 zealot's sword {holy, Zealotry, *Rage rN+
                  | EV+3}
 20526 | Zig:4    | Got Sif Muna's Guidebook on Smouldering Accompaniment
 20553 | Zig:5    | Entered Level 5 of a ziggurat
 20563 | Zig:5    | Found the +7 mace of Variability {chaos, chaos arc}
 20565 | Zig:5    | Reached XP level 24. HP: 108/111 MP: 28/48
 20573 | Zig:5    | Identified the +6 lajatang of Cheese {vamp, rC++}
 20574 | Zig:5    | Identified the staff of Cocytus {rF+ Conj Hexes}
 20578 | Zig:6    | Entered Level 6 of a ziggurat
 20621 | Zig:7    | Entered Level 7 of a ziggurat
 20636 | Zig:7    | Received a gift from Sif Muna
 20637 | Zig:7    | Reached skill level 5 in Dodging
 20637 | Zig:7    | Got Ilireot's Teachings on the Lithic Volley {god gift}
 20642 | Zig:7    | Identified the amulet "Vamuggac" {Faith Rampage rElec
                  | Will+}
 20650 | Zig:8    | Entered Level 8 of a ziggurat
 20688 | Zig:9    | Entered Level 9 of a ziggurat
 20713 | Zig:9    | Identified the staff of Idomeim {*Corrode rElec rPois rN+
                  | Necro Alchemy}
 20740 | Zig:10   | Entered Level 10 of a ziggurat
 20797 | Zig:10   | Identified the +7 rapier of Ygguempo {heavy, ^Fragile
                  | +Blink Int+2 Dex+4}
 20806 | Zig:10   | Learned a level 7 spell: Malign Gateway
 20812 | Zig:11   | Entered Level 11 of a ziggurat
 20877 | Zig:12   | Entered Level 12 of a ziggurat
 20923 | Zig:12   | Found the sphere of Battle
 20973 | Zig:13   | Entered Level 13 of a ziggurat
 21001 | Zig:13   | Identified the staff "Widowermaker" {rPois rC+ Tloc Ice}
 21005 | Zig:13   | Identified the staff "Ecaqum" {rN+ rCorr Int-2 Dex+6 Hexes
                  | Necro}
 21006 | Zig:13   | Identified the +3 ring mail of the Old World {Rampage}
 21007 | Zig:13   | Identified the orb of Summertime {mayhem, Necro}
 21012 | Zig:14   | Entered Level 14 of a ziggurat
 21022 | Zig:14   | Noticed a Killer Klown
 21027 | Zig:14   | Noticed a Killer Klown
 21028 | Zig:14   | Noticed Baqash the pandemonium lord
 21028 | Zig:14   | Noticed Cios the pandemonium lord
 21028 | Zig:14   | Noticed Ynysibum the pandemonium lord
 21028 | Zig:14   | Noticed Tudiahif the pandemonium lord
 21029 | Zig:14   | Noticed Kaedweych the pandemonium lord
 21030 | Zig:14   | Noticed Xafi the pandemonium lord
 21030 | Zig:14   | Noticed Qeuv the pandemonium lord
 21031 | Zig:14   | Identified the ring of Free Expression {Fire Str+3 Dex+2}
 21034 | Zig:15   | Entered Level 15 of a ziggurat
 21064 | Zig:15   | Paralysed by an air elemental for 1 turns
 21110 | Zig:15   | Found the macabre finger necklace {Finger+ rN+}
 21110 | Zig:15   | Found the ring of Shadows {Umbra +Inv Stlth+}
 21116 | Zig:15   | Reached XP level 25. HP: 104/115 MP: 42/48
 21123 | Zig:15   | Identified the ring "Paonli" {rCorr Str+3 Int-3 Dex+6}
 21131 | Zig:16   | Entered Level 16 of a ziggurat
 21138 | Zig:16   | Noticed a dread lich
 21163 | Zig:16   | Reached XP level 26. HP: 67/119 MP: 27/48
 21165 | Zig:16   | Killed a dread lich
 21197 | Zig:16   | Learned a level 9 spell: Death's Door
 21229 | Zig:16   | Identified the +1 glaive "Grum" {holy, rPois rC++ MP-9
                  | Int+3}
 21230 | Zig:16   | Identified the +7 whip "Bueti" {drain, ^Contam Str+8 Int+3
                  | SInv}
 21235 | Zig:16   | Identified the +1 pair of gloves of Gasch {Str+3}
 21236 | Zig:16   | Identified the staff "Kouny" {+Blink rF+ Will++ Int-3 Conj
                  | Fire}
 21237 | Zig:16   | Identified the staff of Kostri Zonekk {rN+ Int-4 Dex+7
                  | Necro Air}
 21241 | Zig:16   | Identified the +3 glaive "Gojeatau" {venom, rPois Dex+3}
 21242 | Zig:16   | Got Oliexzoq's Handbook of the Sizzling Swarm
 21266 | Zig:17   | Entered Level 17 of a ziggurat
 21283 | Zig:17   | Reached skill level 1 in Shields
 21304 | Zig:17   | Found the +16 obsidian axe {drain, demonic, Mesm ^Drain Fly
                  | SInv}
 21306 | Zig:17   | Found the +8 autumn katana {manifold assault}
 21319 | Zig:17   | Identified the staff of Sharkskin {rF+ rN+ Str-2 Fire Air
                  | Alchemy}
 21337 | Zig:18   | Entered Level 18 of a ziggurat
 21374 | Zig:18   | Found the +9 scales of the Dragon King {rPois rF+ rC+
                  | Will+}
 21383 | Zig:18   | Identified the +4 spear "Laakyips" {elec, Str+3}
 21387 | Zig:19   | Entered Level 19 of a ziggurat
 21457 | Zig:19   | Identified the +8 rapier of Lyipn {flame, rF+}
 21460 | Zig:19   | Acquired the +5 Storm Queen's Shield {shock, Fly rElec}
 21460 | Zig:19   | Found the +5 Storm Queen's Shield {shock, Fly rElec}
 21462 | Zig:19   | Reached XP level 27. HP: 123/123 MP: 29/48
 21463 | Zig:19   | Acquired a book of Lightning
 21471 | Zig:19   | Identified the +0 whip of Lihugg {spect, Str+4 Int+2
                  | Stlth+}
 21491 | Zig:20   | Entered Level 20 of a ziggurat
 21507 | Zig:20   | Noticed a royal mummy
 21512 | Zig:20   | Noticed a royal mummy
 21513 | Zig:20   | Noticed a royal mummy
 21513 | Zig:20   | Killed a royal mummy
 21514 | Zig:20   | Noticed a royal mummy
 21515 | Zig:20   | Noticed a royal mummy
 21516 | Zig:20   | Noticed a royal mummy
 21519 | Zig:20   | Killed a royal mummy
 21521 | Zig:20   | Killed a royal mummy
 21521 | Zig:20   | Noticed a royal mummy
 21522 | Zig:20   | Killed a royal mummy
 21523 | Zig:20   | Quit the game

Illustrated notes

Levels and vault maps discovered:
D:1:      orjb1_lava_funnel, layout_rooms, nrook_mini_backslash
D:2:      layout_basic, serial_shops, shop, ebering_ecumenical_altar_abandoned
D:3:      layout_basic, mainiacjoe_overflow_concentric_impassable,
          dk_noncrumbling_2, uniq_terence, uniq_natasha
D:4:      layout_loops_corners, marbit_many_paths, chequers_big_river,
          nicolae_zig_zag_zippers
D:5:      layout_loops_ring, kennysheep_mini, lemuel_crystal_altar,
          temple_pool_b, uniq_pikel, uniq_prince_ribbit1
D:6:      layout_gridville, uniq_grinder
D:7:      layout_basic, nicolae_ossuary_entry_false_entrances, hellmonk_no_cap,
          uniq_maurice
D:8:      layout_basic, minmay_misc_feat_ornament, minmay_holes,
          einodemon_armed_red_devil_minivault
D:9:      layout_basic, mainiacjoe_overflow_small_starburst
D:10:     layout_roguey, due_lair_maze_entry_diamond, moated_statue,
          minmay_misc_feat_secret_circle
D:11:     nicolae_whirlpool, layout_stronghold, orc_0_dummy, serial_shops,
          nicolae_lakefront_shop
D:12:     layout_basic, serial_shops, nicolae_stop_n_shop_2
D:13:     dreamdust_black_sun_cult, layout_basic, bh_hangedman_babel_library
D:14:     kennysheep_blocky_hall, layout_loops_ring, hellmonk_vaults_keyhole,
          grunt_gozag_breadcrumbs, corexii_checkpoint, uniq_snorg
D:15:     vault_1, layout_loops_ring, gauntlet_entry_generic,
          hangedman_decor_push, okawaru_trees_1
Temple:   minmay_temple_bridge_d
Lair:1:   layout_gridlike, gammafunk_ghost_hive, serial_bayou_shore_b,
          grunt_megastairs_4, lemuel_fruit_fields, uniq_gastronok, uniq_nergalle
Lair:2:   layout_roguey, elwin_shoals_entry_rooms, special_room
          [special_room_bee], uniq_urug
Lair:3:   nzn_winding_woodlands_small [nzn_winding_woodlands_5x15_jagged,
          nzn_winding_woodlands_center_lodge,
          nzn_winding_woodlands_5x15_pockets], layout_loops_ring,
          guppyfry_snake_entry_garden, minivault_26
Lair:4:   layout_roguey, minmay_slime_entry_pillars, grunt_megastairs_1,
          serial_bayou_shore_a, infiniplex_staircase_pool_2, uniq_rupert
Lair:5:   gammafunk_lair_ancient_temple, layout_regular_city,
          nicolae_lair_lil_pond, serial_bayou_lagoon_a
Shoals:1: layout_shoals, uniq_frances
Shoals:2: nzn_motion_control, layout_shoals, serial_shops, shop
Shoals:3: layout_shoals, uniq_polyphemus, uniq_mara
Shoals:4: shoals_end_simple, layout_shoals, shoals_ilsuiw_ice
Snake:1:  layout_gridlike, basic_altar, portal_ice_cave_entry_ice_simulacra,
          nicolae_snake_round_shape_thing, grunt_megastairs_3, uniq_azrael,
          uniq_kirke
Snake:2:  layout_misc_corridors, uniq_vashnia, uniq_asterion
Snake:3:  layout_cave_town, nicolae_shop_vocational, minmay_shop_grove
Snake:4:  snake_pit, layout_cave_shapes, uniq_aizul
Slime:1:  layout_caves
Slime:2:  layout_caves, nicolae_slime_rock_hall_of_fame
Slime:3:  layout_caves
Slime:4:  layout_caves
Slime:5:  slime_pit_nicolae_jellycorners
Orc:1:    layout_caves
Orc:2:    st_orc_open, layout_diamond_mine
Elf:1:    eino_elf_arrival_customs, layout_rooms, hangedman_elf_disciples,
          grunt_ministairs_6, hex_intersection, hangedman_glass_teeth,
          dk_noncrumbling_3, uniq_jorgrun
Elf:2:    nicolae_elf_blades_splatter_lattice [nicolae_blade_tridents],
          layout_geoelf_octagon, uniq_saint_roka, uniq_nikola
Elf:3:    elf_hall_gauntlet_wide, layout_loops_cross, serial_shops, shop,
          nicolae_shop_behind_doors, nicolae_shop_self_help, minmay_shoptagon
Vaults:1: nicolae_vaults_tetromino_Z_1, st_squares, v_pattern_2,
          nicolae_vaults_tetromino_L_2, ontoclasm_vaults_loading_screen,
          layout_vaults_omnigrid, nicolae_trove_entry_path_of_doom
Vaults:2: minmay_crypt_entry_necro_gods, nicolae_vaults_house_2,
          nicolae_vaults_stairing_the_circle, vaults_mumra_minichess, v_rooms_5,
          v_rooms_1, nicolae_vaults_storage_closets_3, nicolae_vaults_tangram_1,
          vaults_standard_mumra_enter_the_diamond, nicolae_vaults_trapezoid_4,
          nicolae_vaults_apartment_1, nicolae_vaults_little_ls,
          vaults_room_pool, layout_vaults_big_cross, serial_shops, shop
Vaults:3: special_room_vaults [special_room_orc],
          nicolae_vaults_sesquioval_fish, vaults_room_boxed,
          nicolae_vaults_house_3, nicolae_vaults_trapezoid_layered,
          nicolae_vaults_border_crossing, vaults_room_pools, vaults_room_pool,
          layout_vaults_chaotic_city, uniq_xtahua
Vaults:4: ontoclasm_vaults_shout, nicolae_vaults_arrows, grunt_vaults_trifunnel,
          nicolae_vaults_offset_grid_hallway_2, v_misc_11,
          nicolae_vaults_heart-shaped_vault, ontoclasm_vaults_misaligned,
          nicolae_vaults_little_squares_2, v_misc_3, dpeg_vaults_monster_box,
          nicolae_vaults_cochlea, nicolae_vaults_circle_grid_a,
          layout_vaults_maze_bifur
Vaults:5
Depths:1: layout_long_grid, enter_ziggurat_b, minmay_misc_feat_iff,
          ebering_ghost_gozag, hell_entry, nicolae_specific_store,
          horrible_house_mu
Depths:2: dreamdust_hydra_shepherd, layout_basic, rand_demon_pan_entry_3,
          small_statue_intersection, hellmouth_3, nicolae_shop_fire_sale
          [nicolae_sub_dead_trees]
Depths:3: minmay_the_grid_3x2 [minmay_the_grid_holed_spiral,
          minmay_the_grid_diamond_grid, minmay_the_grid_tree,
          minmay_the_grid_dragon_a, minmay_the_grid_zigzag_pyramid,
          minmay_the_grid_prize_four_corners_diamond_b], layout_gridlike,
          hell_entry, minmay_crystal_room, abyss_entry, nicolae_the_louvre
Depths:4: evilmike_zot_entry_diamond, layout_honeycomb, hell_entry, uniq_mennas
Zig:20

Skill      XL: |  1  2  3  4  5  6  7  8  9 10 11 12 13 14 15 16 17 18 19 20 21 22 23 24 25 26 27 |
---------------+----------------------------------------------------------------------------------+-----
Spellcasting   | 4 6 8 10 11 14 17 18 19 20 | 20.0
Ice Magic      | 5 7 |  7.1
Fighting       | 1 4 6 12 | 12.0
Summonings     | 1 4 7 12 14 18 21 23 | 23.6
Invocations    | 4 7 11 | 11.0
Evocations     | 3 6 |  6.0
Dodging        | 4 7 |  7.8
Fire Magic     | 3 |  3.0
Necromancy     | 10 11 15 16 19 20 | 20.9
Translocations | 3 6 |  6.0
Shapeshifting  | 11 15 16 17 18 | 18.1
Shields        | 4 |  4.3
Stealth        | |  2.4

Action                     |  1- 3 |  4- 6 |  7- 9 | 10-12 | 13-15 | 16-18 | 19-21 | 22-24 | 25-27 || total
---------------------------+-------+-------+-------+-------+-------+-------+-------+-------+-------++-------
  Melee: Short sword       |    32 |       |     2 |       |       |       |       |       |       ||    34
         Bite              |    12 |     3 |    33 |    44 |   107 |    50 |    32 |    28 |     1 ||   310
         Unarmed           |     1 |       |       |       |       |       |       |       |       ||     1
         Staff             |       |    12 |    81 |   110 |   229 |   119 |    53 |    45 |     2 ||   651
         Punch             |       |       |     2 |     3 |     6 |     5 |       |     2 |       ||    18
         Great sword       |       |       |       |       |     1 |       |       |       |       ||     1
   Cast: Freeze            |    30 |    33 |    29 |    79 |   133 |     6 |       |       |       ||   310
         Frozen Ramparts   |     1 |     9 |    23 |    36 |    63 |     7 |       |       |       ||   139
         Summon Ice Beast  |       |     3 |    19 |    29 |    39 |       |       |       |       ||    90
         Ozocubu's Armour  |       |       |     5 |    20 |    29 |     5 |       |       |       ||    59
         Summon Blazeheart |       |       |       |    16 |    47 |       |       |       |       ||    63
         Animate Dead      |       |       |       |       |    15 |    15 |     5 |       |       ||    35
         Summon Cactus Gia |       |       |       |       |    37 |    19 |    14 |     1 |       ||    71
         Monstrous Menager |       |       |       |       |    11 |    60 |    10 |       |       ||    81
         Haunt             |       |       |       |       |       |   155 |    67 |    37 |     3 ||   262
         Death Channel     |       |       |       |       |       |    17 |    15 |     6 |     5 ||    43
         Disjunction       |       |       |       |       |       |     1 |     2 |       |       ||     3
         Apportation       |       |       |       |       |       |    49 |   106 |    85 |    40 ||   280
         Dragon's Call     |       |       |       |       |       |     2 |    34 |    43 |     5 ||    84
         Passage of Golubr |       |       |       |       |       |     2 |   135 |   210 |     2 ||   349
         Sublimation of Bl |       |       |       |       |       |       |    94 |    85 |     9 ||   188
         Borgnjor's Vile C |       |       |       |       |       |       |       |    75 |     7 ||    82
         Infestation       |       |       |       |       |       |       |       |    33 |    15 ||    48
         Malign Gateway    |       |       |       |       |       |       |       |     3 |     2 ||     5
         Death's Door      |       |       |       |       |       |       |       |     1 |     1 ||     2
         Ignition          |       |       |       |       |       |       |       |       |     1 ||     1
 Invoke: Channel Magic     |       |       |       |     3 |    16 |    55 |    37 |    45 |    14 ||   170
         Divine Exegesis   |       |       |       |       |       |     3 |     2 |     1 |     2 ||     8
         Forget Spell      |       |       |       |       |       |       |     1 |     1 |       ||     2
  Evoke: Wand              |       |     3 |     3 |     6 |    22 |    17 |     6 |     2 |     5 ||    64
         Sack of spiders   |       |       |       |       |       |       |       |     1 |       ||     1
         Tin of tremorston |       |       |       |       |       |       |       |       |     1 ||     1
    Use: Scroll            |       |       |    12 |     8 |    13 |    15 |    13 |     8 |     9 ||    78
         Potion            |       |       |       |     3 |     1 |     3 |     5 |     7 |     5 ||    24
   Stab: Sleeping          |     2 |       |       |       |       |       |       |       |       ||     2
         Distracted        |       |       |       |     1 |     1 |     4 |     2 |       |       ||     8
 Armour: Robe              |    38 |    32 |   112 |   213 |   116 |       |       |       |       ||   511
         Steam dragon scal |       |       |       |       |   186 |       |       |       |       ||   186
         Troll leather arm |       |       |       |       |   284 |   286 |   159 |   125 |    25 ||   879
         Skin              |       |       |       |       |       |       |       |       |    12 ||    12
  Dodge: Dodged            |    45 |    34 |    84 |   217 |   505 |   309 |   141 |   150 |    21 ||  1506
  Block: Buckler           |       |       |       |       |       |       |       |       |     2 ||     2
